Map: Orbital Shipyard

Players

Miszu

  • Race: Terran Terran
  • League: Grandmaster

Reinca - Winner!

  • Race: Terran Terran
  • League: Grandmaster

VOD

Have the link to the VOD?

Description

Time

  • Played on: Feb. 8, 2016, 1:20 p.m.
  • Length: 9:32
Show
View Real Time Build Order
Export as new Build Order

Miszu Terran 

Build Orders: Bio Tank 

Get SALT Encoding   

  12  0:00  SCV  
  13  0:13  SCV  
  14  0:17  Supply Depot  
  14  0:25  SCV  
  15  0:39  SCV  
  15  0:42  Barracks  
  16  0:45  Refinery  
  16  0:51  SCV  
  17  1:03  SCV  
  18  1:15  SCV  
  19  1:29  Orbital Command  
  19  1:31  Barracks Reactor  
  19  1:40  Command Center  
  19  1:49  Supply Depot  
  19  1:54  SCV  
  20  2:07  Marine x2  
  22  2:09  SCV  
  22  2:14  Factory  
  22  2:21  SCV  
  23  2:24  Marine  
  23  2:25  Marine  
  25  2:30  Refinery  
  25  2:33  SCV  
  26  2:42  Marine  
  26  2:43  Marine  
  28  2:45  SCV  
  29  2:52  Orbital Command  
  29  2:57  SCV  
  30  2:59  Starport  
  30  3:00  Factory Tech Lab  
  30  3:07  Marine  
  30  3:08  Marine  
  30  3:09  SCV  
  33  3:18  SCV, Widow Mine  
  36  3:22  SCV  
  37  3:30  SCV  
  37  3:31  Supply Depot  
  37  3:34  SCV  
  39  3:35  Medivac  
  39  3:38  Marine x2  
  43  3:42  SCV  
  43  3:46  SCV  
  45  3:53  Siege Tank  
  45  3:54  SCV  
  49  3:57  Marine x2  
  49  3:58  SCV  
  49  4:01  Supply Depot  
  52  4:06  SCV  
  53  4:14  SCV  
  54  4:18  Command Center  
  54  4:23  Supply Depot, Viking, SCV  
  57  4:29  SCV  
  57  4:39  Siege Tank  
  57  4:42  SCV  
  57  4:44  Barracks  
  61  4:46  Barracks  
  61  4:47  SCV  
  61  4:50  Refinery x2  
  62  4:53  Starport Reactor  
  62  4:54  SCV  
  62  4:59  SCV  
  64  5:01  Supply Depot  
  64  5:06  SCV  
  65  5:11  Siege Tank, SCV  
  69  5:18  Engineering Bay, SCV  
  69  5:19  Engineering Bay  
  70  5:23  SCV  
  70  5:24  Supply Depot  
  70  5:38  Marine x2  
  70  5:39  Barracks Tech Lab  
  70  5:41  Barracks Tech Lab, Orbital Command  
  70  5:42  SCV  
  72  5:44  SCV  
  72  5:46  Terran Infantry Weapons Level 1, Terran Infantry Armor Level 1  
  73  5:51  Siege Tank  
  73  5:54  SCV  
  77  6:00  Stimpack, Combat Shields, Orbital Command  
  77  6:03  SCV  
  78  6:08  Barracks  
  78  6:09  Marine, Barracks  
  78  6:10  Marine  
  78  6:11  Marine  
  79  6:23  Marine  
  79  6:25  Siege Tank  
  83  6:27  Marine, Medivac x2  
  83  6:28  SCV x2  
  90  6:33  SCV  
  90  6:35  Marine x2  
  93  6:41  Marine  
  93  6:45  Refinery  
  93  6:47  Marine  
  94  6:48  Refinery, SCV  
  94  6:49  SCV  
  94  6:53  Marine  
  98  6:55  SCV  
  98  6:56  Supply Depot  
  98  6:57  Supply Depot  
  101  7:14  Marine x2  
  101  7:15  Barracks Reactor x2  
  101  7:17  Marine, Siege Tank, SCV x2  
  101  7:18  Marine, Medivac, SCV  
  101  7:20  Sensor Tower  
  111  7:25  Sensor Tower  
  111  7:29  SCV  
  112  7:31  Supply Depot  
  112  7:32  Marine x2  
  112  7:33  Supply Depot  
  112  7:35  Marine  
  112  7:36  Marine  
  115  7:44  Supply Depot x2  
  115  7:45  Supply Depot  
  115  7:47  Armory  
  115  7:50  Factory, Marine x2  
  117  7:53  Marine, Siege Tank  
  117  7:58  Marine x2  
  120  8:04  Marine  
  122  8:12  Marine x5  
  124  8:14  Medivac x2  
  124  8:15  Marine  
  124  8:16  Marine  
  126  8:20  Sensor Tower  
  126  8:21  Marine  
  126  8:25  Siege Tank  
  130  8:29  Marine  
  130  8:30  Marine x2  
  133  8:35  Supply Depot, Factory Tech Lab  
  133  8:37  Supply Depot x2  
  133  8:38  Marine x3  
  136  8:42  Marine  
  137  8:53  Marine  
  136  9:05  Marine  
Show
View Real Time Build Order
Export as new Build Order

Reinca Terran - Winner!

Build Orders: Reaper Expand, MMM Bio 

Get SALT Encoding   

  12  0:01  SCV  
  13  0:13  SCV  
  14  0:17  Supply Depot  
  14  0:25  SCV  
  15  0:39  SCV  
  15  0:40  Barracks  
  16  0:43  Refinery  
  16  0:51  SCV  
  17  1:03  SCV  
  18  1:15  SCV  
  19  1:27  Orbital Command  
  19  1:28  Reaper  
  20  1:42  Command Center  
  20  1:48  Refinery  
  20  1:53  SCV  
  21  2:00  Reaper  
  22  2:07  Supply Depot  
  22  2:09  SCV  
  23  2:28  SCV  
  24  2:30  Factory  
  24  2:32  Barracks Reactor  
  24  2:40  SCV  
  25  2:52  SCV  
  25  2:55  Orbital Command  
  26  3:04  SCV  
  27  3:08  Marine  
  27  3:09  Marine  
  29  3:14  Factory Tech Lab  
  29  3:15  Starport  
  29  3:17  SCV  
  30  3:20  SCV  
  30  3:21  Barracks  
  30  3:26  Marine x2  
  33  3:32  SCV x2  
  35  3:34  Cyclone  
  35  3:40  Supply Depot  
  38  3:44  Marine x2, SCV x2  
  42  3:55  Viking  
  44  3:56  SCV x2  
  46  4:04  Supply Depot  
  46  4:05  Marine x2  
  46  4:06  Siege Tank  
  46  4:09  SCV x2  
  53  4:10  Barracks Tech Lab  
  53  4:17  Refinery  
  53  4:19  Engineering Bay  
  53  4:21  SCV  
  54  4:25  SCV  
  54  4:29  Marine x2  
  57  4:32  Medivac  
  57  4:33  SCV  
  57  4:37  SCV  
  61  4:41  Supply Depot, Stimpack  
  61  4:48  SCV  
  62  5:03  Marine x3, Barracks, SCV  
  62  5:04  Barracks  
  62  5:06  SCV  
  67  5:08  Barracks  
  67  5:10  Supply Depot  
  67  5:11  Terran Infantry Weapons Level 1  
  67  5:14  Starport Reactor  
  67  5:17  Refinery, SCV  
  67  5:19  SCV  
  69  5:32  Supply Depot, Siege Tank  
  72  5:41  SCV x2  
  73  5:46  Marine x3  
  76  5:51  Supply Depot  
  76  5:54  Barracks Reactor x2, Supply Depot  
  76  5:55  Barracks Reactor  
  76  5:57  SCV x2  
  76  6:02  Medivac  
  80  6:05  Siege Tank  
  82  6:14  Marine x3  
  82  6:16  SCV  
  82  6:17  SCV  
  87  6:22  Supply Depot  
  87  6:23  Supply Depot, Command Center  
  87  6:29  SCV x2  
  87  6:30  Marine  
  87  6:31  Marine x5  
  95  6:37  Medivac x2  
  99  6:42  Marine x2  
  99  6:43  Marine  
  99  6:44  Combat Shields  
  102  6:48  Supply Depot  
  102  6:51  Marine x4  
  106  6:57  Siege Tank  
  106  6:59  Supply Depot  
  109  7:05  Marine x5  
  112  7:08  Marine  
  112  7:15  Supply Depot, Terran Infantry Armor Level 1  
  113  7:16  Marine  
  113  7:17  Marine  
  115  7:23  Marine x4  
  115  7:24  Marine x2  
  121  7:31  Siege Tank  
  121  7:34  SCV x2  
  126  7:38  Medivac x2  
  130  7:45  Supply Depot  
  130  7:46  Armory  
  130  7:54  Marine x5  
  130  7:57  Marine x2  
  137  7:59  Marine  
  133  8:14  Marine x2  
  133  8:15  Marine x3  
  133  8:16  Siege Tank  
  133  8:18  Orbital Command  
  141  8:20  Engineering Bay  
  141  8:22  Marine x3  
  144  8:27  Supply Depot  
  144  8:29  Marine  
  144  8:32  Marine x2  
  144  8:34  Engineering Bay  
  147  8:37  Marine x2  
  147  8:38  Marine  
  147  8:40  Marine  
  151  8:41  Marine x2  
  153  8:55  Marine x4  
  148  9:05  Marine x2  
  148  9:06  Marine  
  148  9:07  Marine  
  126  9:11  Marine  
  126  9:13  Marine  
Tags
 
Add a new tag
Caveats
  • Supply blocks, unpowered buildings, or Contaminate may cause inaccurate times.
  • Supply counts are checked every 10 seconds.